 Dungeon Crawl Stone Soup version 0.29.1-13-g9f3cf754e1 (webtiles) character file.

Game seed: 14097115126409122403

56 MisterFreud the Twirler (level 4, -1/33 HPs)
             Began as a Formicid Gladiator on Jan 24, 2023.
             Constricted to death by Natasha (2 damage)
             ... on level 2 of the Dungeon.
             The game lasted 00:01:45 (1493 turns).

MisterFreud the Twirler (Formicid Gladiator)        Turns: 1493, Time: 00:01:46

Health: -1/33      AC:  3    Str: 19    XL:     4   Next: 15%
Magic:  4/4        EV: 10    Int:  7    God:
Gold:   77         SH:  0    Dex: 19    Spells: 3/3 levels left

rFire   + . .      SeeInvis +   a - +0 quarterstaff
rCold   . . .      Faith    .   (no shield)
rNeg    . . .      Spirit   .   b - +0 leather armour
rPois   .          Reflect  .   (helmet unavailable)
rElec   .          Harm     .   (no cloak)
rCorr   .          Rampage  .   (no gloves)
Will    .....                   (no boots)
Stlth   +.........              (no amulet)
HPRegen 0.11/turn               (no ring)
MPRegen 0.09/turn               (no ring)

@: grasped by roots, attractive, constricted
A: permanent stasis, dig shafts and tunnels, antennae 3, four strong arms, agile
1, deterioration 1, fire resistance 1
a: Dig, Shaft Self


You were on level 2 of the Dungeon.
You visited 1 branch of the dungeon, and saw 2 of its levels.

You collected 77 gold pieces.

Inventory:

Hand Weapons
 a - a +0 quarterstaff (weapon)
Missiles
 c - 3 throwing nets (quivered)
 d - a javelin
 j - 2 silver javelins
Armour
 b - a +0 leather armour (worn)
Jewellery
 g - a +6 ring of dexterity
Potions
 i - 2 potions of might


   Skills:
 - Level 2.1 Fighting
 + Level 4.7 Staves
 - Level 2.0 Throwing
 - Level 2.6 Dodging


You had 3 spell levels left.
You didn't know any spells.
Your spell library was empty.

Dungeon Overview and Level Annotations

Branches:
Dungeon (2/15)

Altars:

Annotations:
D:2 Natasha


Innate Abilities, Weirdness & Mutations

You cannot be hasted, slowed, berserked, paralysed or teleported.
You can dig through walls and to a lower floor.
You have a pair of large antennae on your head. (SInv)
Your four strong arms can wield two-handed weapons with a shield.
You are agile. (Dex +4, Str/Int -1)
Your body sometimes deteriorates upon taking damage.
Your flesh is heat resistant. (rF+)


Message History

You hear a shout! x2
There are monsters nearby!
You hit the endoplasm.
The endoplasm is almost dead.
The grasping roots constrict you. The endoplasm freezes you.
You are frozen.
You sock the endoplasm!
You kill the endoplasm!
The bat hits you but does no damage. The grasping roots constrict you.
Natasha closely misses you. The grasping roots constrict you!
* * * LOW HITPOINT WARNING * * *
The grasping roots release their grip on you.
It was a potion of attraction.
You feel attractive to monsters. The bat misses you. Natasha claws you.
* * * LOW HITPOINT WARNING * * *
The rat is attracted toward you.
The ball python is attracted toward you.
It was a potion of mutation.
You feel extremely strange.
You feel yourself wasting away.
You feel agile.
You feel resistant to heat.
An adder comes into view.
Natasha closely misses you. The bat barely misses you.
The ball python closely misses you. The ball python completely misses you.
The adder moves out of view.
You aren't carrying any scrolls.
Okay, then.
Unknown command.
Okay, then.
The bat hits you but does no damage. The bat is attracted toward you.
The adder is attracted toward you. The endoplasm is attracted toward you.
Natasha attacks as you move away! Natasha barely misses you.
The ball python attacks as you move away!
The ball python bites you but does no damage.
The ball python barely misses you. The bat completely misses you.
Natasha zaps a wand.
The roots erupt in riotous growth!
The bat is unaffected.
Natasha is unaffected.
The ball python is unaffected.
The grasping roots grab you! The grasping roots constrict you.
You die...

.............#
.............####
........§.......
.....§...$....#
.............#
.§.....r....#
#(...JhS...##
######b##..### ###.
....S...@.....###......
##......###.....)....#
#...#### ###.###...#
..§## #..##...# ..
##......# . #†.#..##
##<#.## #.#.# #...#


You could see Natasha, an adder (wandering), an endoplasm, a bat, a ball python
and a rat.

Vanquished Creatures
  An adder (D:2)
  3 worms (D:2)
  A dart slug (D:1)
  4 bats (D:1)
  5 endoplasms
  3 giant cockroaches
  5 goblins (D:1)
  A hobgoblin (D:1)
  A quokka (D:1)
  3 ball pythons (D:1)
  A frilled lizard (D:1)
  2 kobolds
  4 rats (D:1)
34 creatures vanquished.

Notes
Turn   | Place    | Note
-------+----------+-------------------------------------------
     0 | D:1      | MisterFreud the Formicid Gladiator began the quest for the
                  | Orb.
     0 | D:1      | Reached XP level 1. HP: 16/16 MP: 1/1
    52 | D:1      | You fall into a shaft and drop 1 floor!
   345 | D:2      | Reached XP level 2. HP: 22/22 MP: 2/2
   391 | D:2      | Reached skill level 4 in Staves
   391 | D:2      | Reached XP level 3. HP: 27/27 MP: 3/3
  1149 | D:1      | Reached XP level 4. HP: 33/33 MP: 4/4
  1485 | D:2      | Noticed Natasha
  1490 | D:2      | HP: 1/33 [Natasha (1)]
  1491 | D:2      | Gained mutation: Your body sometimes deteriorates upon
                  | taking damage. [potion of mutation]
  1491 | D:2      | Gained mutation: You are agile. (Dex +4, Str/Int -1)
                  | [potion of mutation]
  1491 | D:2      | Gained mutation: Your flesh is heat resistant. (rF+)
                  | [potion of mutation]
  1493 | D:2      | Constricted to death by Natasha

Illustrated notes

Levels and vault maps discovered:
D:1:      amcnicky_arrival_double_pillar, layout_loops_ring, st_stairs_4
D:2:      layout_rooms, kennysheep_path_1, uniq_robin, uniq_natasha

Skill      XL: |  1  2 |
---------------+-------+-----
Staves         | 4 |  4.7
Fighting       | |  2.1
Throwing       | |  2.0
Dodging        | |  2.6

Action                   |  1- 3 |  4- 6 || total
-------------------------+-------+-------++-------
Melee: Quarterstaff      |    82 |    13 ||    95
       Punch             |     1 |       ||     1
 Abil: Shaft Self        |     1 |       ||     1
  Use: Scroll            |       |     3 ||     3
       Potion            |       |     2 ||     2
Armor: Leather armour    |    27 |     7 ||    34
Dodge: Dodged            |    56 |    18 ||    74
